 Dungeon Crawl Stone Soup version 0.31-a0-977-gc230f8ef24 (webtiles) character file.

Game seed: 11957169890029150121

3174 tsujin the Grappler (level 9, -1/68 HPs)
             Began as a Gnoll Shapeshifter on Oct 30, 2023.
             Was a Follower of Uskayaw.
             Killed from afar by a steam dragon (15 damage)
             ... with a ball of steam
             ... on level 7 of the Dungeon.
             The game lasted 00:10:40 (5493 turns).

tsujin the Grappler (Gnoll Shapeshifter)            Turns: 5493, Time: 00:10:41

Health: -1/68      AC:  7    Str: 19    XL:     9   Next: 95%
Magic:  16/16      EV: 15    Int:  9    God:    Uskayaw [*.....]
Gold:   305        SH:  0    Dex: 17    Spells: 17/17 levels left

rFire   . .          .
                       - Unarmed
rCold   . . .        (no shield)
rNeg    . . .        w - +0 acid dragon scales
rPois   +            (helmet currently unavailable)
rElec   .            (cloak currently unavailable)
rCorr   +            (gloves currently unavailable)
SInv    .            (boots currently unavailable)
Will    .....        (no amulet)
Stlth   +++          e - +6 ring of dexterity
HPRegen 0.31/turn    m - ring of poison resistance
MPRegen 0.15/turn

%: no passive effects
@: beast-form
A: beast (slay +4), fangs 1, strong nose, distributed training
a: Begin Untransformation, Renounce Religion, Stomp


You were on level 7 of the Dungeon.
You worshipped Uskayaw.
Uskayaw was noncommittal.
You were a hulking beast.
You visited 1 branch of the dungeon, and saw 7 of its levels.

You collected 305 gold pieces.

Inventory:

Armour
 a - a +0 cloak
 w - +0 acid dragon scales (worn)
Magical Staves
 f - a staff of death
 v - a staff of poison
Jewellery
 e - a +6 ring of dexterity (left hand)
 m - a ring of poison resistance (right hand)
 u - a +5 ring of evasion
Talismans
 c - a beast talisman
 d - a flux talisman
Wands
 l - a wand of roots (18)
 o - a wand of polymorph (7)
 r - a wand of flame (44)
 t - a wand of acid (5)
Scrolls
 g - a scroll of amnesia
 n - a scroll of revelation
Potions
 b - 2 potions of lignification
 h - a potion of enlightenment {unknown}
 i - 8 potions of mutation
 j - 3 potions of haste {unknown}
 p - a potion of curing {unknown}
 q - a potion of berserk rage {unknown}
 s - 2 potions of brilliance {unknown}


   Skills:
 + Level 5.5 Fighting
 + Level 4.8 Short Blades
 + Level 4.8 Long Blades
 + Level 4.8 Axes
 + Level 4.8 Maces & Flails
 + Level 4.8 Polearms
 + Level 4.8 Staves
 + Level 4.8 Ranged Weapons
 + Level 4.8 Throwing
 + Level 4.8 Armour
 + Level 6.7 Dodging
 + Level 4.8 Stealth
 + Level 4.8 Shields
 + Level 8.2 Unarmed Combat
 + Level 4.8 Spellcasting
 + Level 4.0 Conjurations
 + Level 4.0 Hexes
 + Level 4.0 Summonings
 + Level 4.0 Necromancy
 + Level 4.0 Translocations
 + Level 4.0 Transmutations
 + Level 4.0 Fire Magic
 + Level 4.0 Ice Magic
 + Level 4.0 Air Magic
 + Level 4.0 Earth Magic
 + Level 4.0 Poison Magic
 + Level 5.3 Invocations
 + Level 4.8 Evocations
 + Level 7.9 Shapeshifting


You had 17 spell levels left.
You didn't know any spells.
Your spell library contained the following spells:

 Spells                   Type           Power      Damage    Failure   Level
 Necrotise                Necr           36%        1d5       6%          1
 Cigotuvi's Dreadful Rot  Necr/Pois/Air  18%        N/A       10%         2
 Lesser Beckoning         Tloc           18%        N/A       10%         2
 Dazzling Flash           Conj/Hex       18%        N/A       19%         3
 Gell's Gravitas          Tloc           9%         N/A       19%         3
 Ignite Poison            Fire/Tmut/Pois 9%         N/A       19%         3
 Ozocubu's Armour         Ice            9%         N/A       19%         3
 Teleport Other           Tloc           9%         N/A       19%         3
 Vampiric Draining        Necr           9%         2d6       19%         3
 Agony                    Necr           9%         N/A       86%         5
 Freezing Cloud           Conj/Ice/Air   4%         6-21      86%         5
 Silence                  Hex/Air        4%         N/A       86%         5
 Ozocubu's Refrigeration  Ice            4%         4d8       100%        7


Dungeon Overview and Level Annotations

Branches:
Dungeon (7/15)             Temple (0/1) D:4

Altars:
Ashenzari
Okawaru
Uskayaw
Vehumet
Xom

Annotations:
D:7 1 runed translucent door, zenocrate's ghost, novice VSEn


Innate Abilities, Weirdness & Mutations

You are a hulking beast.
Your limbs bulge with bestial killing power. (Slay +4)
You have very sharp teeth.
Your uncanny sense of smell can sniff out nearby items.
Your experience applies equally to all skills.


Message History

Reactivating autopickup.
You feel a bit more experienced.
You're too confused to move!
The orc priest hits you but does no damage.
You bump into the tree.
An iguana comes into view.
The orc priest looks encouraged for a moment.
You bump into the tree.
The orc priest miscasts a cantrip.
You bump into the tree.
The orc priest hits you but does no damage.
The orc priest attacks as it pursues you!
The orc priest closely misses you.
You see here a scroll of identify.
You bump into the tree.
You feel less confused.
The orc priest invokes the aid of Beogh against you.
Pain shoots through your body!
You take 8 damage, and have 29/68 hp.
You punch the orc priest!
The orc priest is heavily wounded.
A gnoll comes into view. It is wielding a +0 flail.
The orc priest hits you with a +0 dagger.
You take 1 damage, and have 28/68 hp.
The gnoll shouts!
You hit the orc priest.
The orc priest is heavily wounded.
You hear a shout!
The orc priest invokes the aid of Beogh against you.
Beogh smites you!
* * * LOW HITPOINT WARNING * * *
You take 15 damage, and have 13/68 hp.
MASSIVE DAMAGE!!
You closely miss the orc priest.
The orc priest is heavily wounded.
The orc priest barely misses you.
You punch the orc priest!
You kill the orc priest!
The steam dragon breathes steam at you.
The ball of steam misses the gnoll.
The ball of steam hits you!
You die...

∆∆ # ♣
♣♣♣#♣♣♣♣.#.# .
♣...hg§Dl..# ♣
♣.♣#♣♣♣♣.#.#
♣.♣ # ♣.♣ ♣.♣
♣.♣♣♣♣♣♣♣♣♣♣♣.♣
♣.............♣
♣♣♣♣♣♣♣.♣♣♣♣♣♣♣
######.######


You could see a gnoll.

Vanquished Creatures
  Pikel (D:5)
  Sigmund (D:5)
  An acid dragon (D:6)
  3 ice beasts
  2 ogres
  4 phantoms
  A kobold brigand (D:7)
  4 scorpions
  8 wights (D:6)
  A howler monkey (D:7)
  10 hounds
  2 jellies
  2 orc priests
  Natasha (thrice) (D:4)
  7 orc wizards
  2 iguanas (D:6)
  9 adders
  3 gnolls (D:5)
  A white imp (D:6)
  2 worms
  18 orcs
  10 ball pythons
  9 endoplasms
  5 giant cockroaches
  6 goblins
  9 hobgoblins
  5 jackals
  7 quokkas
  9 bats
  A frilled lizard (D:3)
  9 kobolds
  3 rats
158 creatures vanquished.

Notes
Turn   | Place    | Note
-------+----------+-------------------------------------------
     0 | D:1      | tsujin the Gnoll Shapeshifter began the quest for the Orb.
     0 | D:1      | Reached XP level 1. HP: 17/17 MP: 1/1
    57 | D:1      | Reached XP level 2. HP: 18/23 MP: 2/2
   336 | D:1      | Reached XP level 3. HP: 25/28 MP: 3/3
   535 | D:2      | Reached skill level 1 in Invocations
   541 | D:2      | Reached skill level 1 in Short Blades
   541 | D:2      | Reached skill level 1 in Long Blades
   541 | D:2      | Reached skill level 1 in Axes
   541 | D:2      | Reached skill level 1 in Maces & Flails
   541 | D:2      | Reached skill level 1 in Polearms
   541 | D:2      | Reached skill level 1 in Staves
   541 | D:2      | Reached skill level 1 in Ranged Weapons
   541 | D:2      | Reached skill level 1 in Throwing
   541 | D:2      | Reached skill level 1 in Armour
   541 | D:2      | Reached skill level 1 in Stealth
   541 | D:2      | Reached skill level 1 in Shields
   541 | D:2      | Reached skill level 1 in Spellcasting
   541 | D:2      | Reached skill level 1 in Evocations
   609 | D:2      | Found a shimmering altar of Xom.
   745 | D:2      | Reached XP level 4. HP: 34/34 MP: 5/5
  1176 | D:3      | Found a radiant altar of Vehumet.
  1208 | D:3      | Reached skill level 1 in Conjurations
  1208 | D:3      | Reached skill level 1 in Hexes
  1208 | D:3      | Reached skill level 1 in Summonings
  1208 | D:3      | Reached skill level 1 in Necromancy
  1208 | D:3      | Reached skill level 1 in Translocations
  1208 | D:3      | Reached skill level 1 in Transmutations
  1208 | D:3      | Reached skill level 1 in Fire Magic
  1208 | D:3      | Reached skill level 1 in Ice Magic
  1208 | D:3      | Reached skill level 1 in Air Magic
  1208 | D:3      | Reached skill level 1 in Earth Magic
  1208 | D:3      | Reached skill level 1 in Poison Magic
  1401 | D:3      | Reached XP level 5. HP: 40/40 MP: 6/6
  2123 | D:4      | Noticed a phantom
  2133 | D:4      | Killed a phantom
  2134 | D:4      | Reached XP level 6. HP: 46/47 MP: 8/8
  2170 | D:4      | Noticed an ice beast
  2198 | D:4      | Reached skill level 5 in Dodging
  2233 | D:4      | Noticed a +0 dagger
  2233 | D:4      | Noticed a +0 dagger
  2236 | D:4      | Noticed Natasha
  2237 | D:4      | Found a hide-covered altar of Uskayaw.
  2241 | D:4      | Killed Natasha
  2296 | D:4      | Became a worshipper of Uskayaw the Reveller
  2367 | D:4      | You fall into a shaft and drop 2 floors!
  2373 | D:6      | Reached * piety under Uskayaw
  2381 | D:6      | Reached skill level 7 in Unarmed Combat
  2381 | D:6      | Reached XP level 7. HP: 42/52 MP: 10/10
  2383 | D:6      | Reached ** piety under Uskayaw
  2389 | D:6      | Reached *** piety under Uskayaw
  2393 | D:5      | Entered Level 5 of the Dungeon
  2423 | D:5      | Noticed Sigmund
  2430 | D:5      | Killed Sigmund
  2700 | D:5      | Reached **** piety under Uskayaw
  2701 | D:5      | Reached XP level 8. HP: 34/60 MP: 12/12
  3044 | D:4      | Noticed Natasha
  3047 | D:4      | Killed Natasha
  3092 | D:4      | Reached ***** piety under Uskayaw
  3159 | D:4      | Noticed Natasha
  3166 | D:4      | Killed Natasha
  3224 | D:4      | Found a staircase to the Ecumenical Temple.
  3287 | D:4      | Found an iron altar of Okawaru.
  4023 | D:5      | Noticed Pikel
  4031 | D:5      | Killed Pikel
  4032 | D:5      | Reached XP level 9. HP: 67/67 MP: 13/15
  4165 | D:6      | Reached skill level 5 in Fighting
  4417 | D:6      | Reached skill level 8 in Unarmed Combat
  4543 | D:6      | Found a broken altar of Ashenzari.
  4550 | D:6      | Reached skill level 5 in Invocations
  5001 | D:7      | Noticed zenocrate's ghost (novice VSEn)
  5007 | D:7      | Found a runed translucent door.
  5493 | D:7      | Killed from afar by a steam dragon

Illustrated notes

Levels and vault maps discovered:
D:1:      spicycebolla_arrival_ecumenical, layout_basic
D:2:      layout_loops_ring, basic_altar
D:3:      layout_basic, mainiacjoe_overflow_chevrons, minmay_fractal_squares_5
D:4:      layout_basic, dancing_weapons_uskayaw,
          hellmonk_okawaru_the_only_friend_you_need,
          minmay_temple_entry_statues, st_stairs_1, kennysheep_generic_room_7,
          uniq_natasha
D:5:      layout_basic, nicolae_underground_beach, uniq_pikel, uniq_sigmund
D:6:      layout_rooms, kennysheep_little_box
D:7:      nzn_winding_woodlands_cross [nzn_winding_woodlands_5x15_pockets,
          nzn_winding_woodlands_5x15_longhouse,
          nzn_winding_woodlands_5x15_crooked,
          nzn_winding_woodlands_5x15_lazy_stream,
          nzn_winding_woodlands_15x15_boxy_spiral], layout_basic,
          nemelex_diamond_rough_becter, hellmonk_ghost_happy_afterlife,
          nicolae_take_the_stairs

Skill      XL: |  1  2  3  4  5  6  7  8  9 |
---------------+----------------------------+-----
Invocations    | 1 2 3 4 5 |  5.3
Short Blades   | 1 2 4 |  4.8
Long Blades    | 1 2 4 |  4.8
Axes           | 1 2 4 |  4.8
Maces & Flails | 1 2 4 |  4.8
Polearms       | 1 2 4 |  4.8
Staves         | 1 2 4 |  4.8
Ranged Weapons | 1 2 4 |  4.8
Throwing       | 1 2 4 |  4.8
Armour         | 1 2 4 |  4.8
Stealth        | 1 2 4 |  4.8
Shields        | 1 2 4 |  4.8
Spellcasting   | 1 2 4 |  4.8
Evocations     | 1 2 4 |  4.8
Conjurations   | 1 2 3 4 |  4.0
Hexes          | 1 2 3 4 |  4.0
Summonings     | 1 2 3 4 |  4.0
Necromancy     | 1 2 3 4 |  4.0
Translocations | 1 2 3 4 |  4.0
Transmutations | 1 2 3 4 |  4.0
Fire Magic     | 1 2 3 4 |  4.0
Ice Magic      | 1 2 3 4 |  4.0
Air Magic      | 1 2 3 4 |  4.0
Earth Magic    | 1 2 3 4 |  4.0
Poison Magic   | 1 2 3 4 |  4.0
Fighting       | 3 4 5 |  5.5
Dodging        | 5 6 |  6.7
Unarmed Combat | 7 8 |  8.2
Shapeshifting  | 7 |  7.9

Action                     |  1- 3 |  4- 6 |  7- 9 || total
---------------------------+-------+-------+-------++-------
  Melee: Unarmed           |    67 |   126 |   261 ||   454
         Punch             |     1 |     5 |     9 ||    15
         Bite              |     4 |    11 |    28 ||    43
  Throw: Stone             |       |     2 |       ||     2
 Invoke: Stomp             |       |       |     1 ||     1
         Line Pass         |       |       |     1 ||     1
  Evoke: Wand              |       |       |     2 ||     2
    Use: Scroll            |     5 |     3 |     1 ||     9
         Potion            |       |     1 |     3 ||     4
   Stab: Sleeping          |     6 |     2 |     6 ||    14
         Invisible         |       |     3 |     4 ||     7
         Paralysed         |       |       |    13 ||    13
         Confused          |       |       |     1 ||     1
 Armour: Animal skin       |    25 |     9 |       ||    34
         Ring mail         |       |    49 |    45 ||    94
         Scale mail        |       |       |    57 ||    57
         Acid dragon scale |       |       |    47 ||    47
  Dodge: Dodged            |    28 |    78 |   136 ||   242

Table legend: (Time is in decaauts)
 A = Elapsed time spent in this place.
 B = Non-inter-level travel time spent in this place.
 C = Inter-level travel time spent in this place.
 D = Time resting spent in this place.
 E = Time spent auto-exploring this place.
 F = Levels seen in this place.
 G = Mean time per level.
                   A        B        C        D        E       F      G
               +--------+--------+--------+--------+--------+-----+--------+
         Total |   5441 |   5176 |    265 |     18 |   3801 |   7 |  777.3 |
       Dungeon |   5441 |   5176 |    265 |     18 |   3801 |   7 |  777.3 |
               +--------+--------+--------+--------+--------+-----+--------+

Top non-repeatable levels by time:
     D:5: 1154 daAuts
     D:3: 899 daAuts
     D:4: 852 daAuts
     D:6: 781 daAuts
     D:2: 662 daAuts
     D:7: 582 daAuts
     D:1: 507 daAuts
